 Dungeon Crawl Stone Soup version 0.20-a0-1015-g2ec8a95 (webtiles) character file.

1099 Lochraine the Protected (level 8, -4/46 HPs)
             Began as a Gargoyle Fighter on Apr 15, 2017.
             Was an Initiate of Gozag.
             Slain by an orc warrior
             ... wielding a +0 halberd
              (18 damage)
             ... on level 6 of the Dungeon.
             The game lasted 00:15:26 (4934 turns).

Lochraine the Protected (Gargoyle Fighter)          Turns: 4934, Time: 00:15:26

Health: -4/46      AC: 16    Str: 20    XL:     8   Next: 32%
Magic:  8/8        EV:  7    Int:  9    God:    Gozag
Gold:   758        SH:  9    Dex: 11    Spells: 7/7 levels left

rFire    . . .     SeeInvis .   a - +0 flail
rCold    . . .     Gourm    .   c - +0 shield
rNeg     + . .     Faith    .   C - +0 scale mail "Vel Waab" {rElec} (curse)
rPois    ∞         Spirit   .   (no helmet)
rElec    +         Reflect  .   p - +0 cloak
rCorr    .         Harm     .   (no gloves)
MR       .....                  B - +0 pair of boots
Stlth    ..........             (no amulet)
Regen    0.2/turn               (no ring)
MPRegen  0.2/turn               (no ring)

@: no status effects
A: negative energy resistance 1, electricity resistance, unbreathing,
petrification resistance, rot immunity, AC +5
a: Potion Petition, Call Merchant, Bribe Branch, Renounce Religion


You were on level 6 of the Dungeon.
You worshipped Gozag.
Gozag was pleased with you.
You were near starving.

You visited 1 branch of the dungeon, and saw 7 of its levels.

You collected 785 gold pieces.
You paid 27 gold pieces to Gozag.

Inventory:

Hand Weapons
 a - a +0 flail (weapon)
 b - a +0 hunting sling
Missiles
 m - 174 stones (quivered)
Armour
 c - a +0 shield (worn)
 j - a +0 scale mail
 p - a +0 cloak (worn)
 B - a +0 pair of boots (worn)
 C - the cursed +0 scale mail "Vel Waab" (worn) {rElec}
   (You found it on level 5 of the Dungeon)

   It insulates you from electricity.
   It has a curse placed upon it.
Wands
 d - a wand of random effects (5/48)
 k - a wand of confusion (9/48)
 y - a wand of lightning (0/15)
 A - a wand of confusion (10/48)
Scrolls
 g - 3 scrolls of identify
 h - a scroll of recharging {unknown}
 i - 3 scrolls of teleportation {unknown}
 n - 5 scrolls of remove curse
 o - a scroll of enchant weapon {unknown}
 q - a scroll of enchant armour {unknown}
 s - 2 scrolls of amnesia {unknown}
 t - 2 scrolls of blinking {unknown}
 u - 2 scrolls of immolation {unknown}
Potions
 e - a potion of flight {unknown}
 v - 2 potions of curing
 w - 2 potions of ambrosia {unknown}
 x - 2 potions of brilliance {unknown}
 z - a potion of mutation {unknown}
Comestibles
 f - 2 bread rations
 r - 6 fruits


   Skills:
 - Level 3.2 Fighting
 - Level 6.0 Maces & Flails
 - Level 9.0 Armour
 - Level 3.2 Shields
 + Level 0.1 Evocations


You had 7 spell levels left.
You didn't know any spells.

Dungeon Overview and Level Annotations

Branches:
Dungeon (7/15)
 Temple: D:4-7

Altars:
Gozag
Sif Muna
Uskayaw
Vehumet
Zin
The Shining One

Shops:
D:5 *

Annotations:
D:6 Rationalist's ghost, novice MiFi


Innate Abilities, Weirdness & Mutations

You are resistant to torment.
Your stone body is resilient. (AC +5)
You are immune to poison.
You resist negative energy. (rN+)
You are resistant to electric shocks. (rElec)
You can survive without breathing.
You are immune to petrification.
You are immune to rotting.


Message History

You block the hippogriff's attack.
The hippogriff pecks you but does no damage.
The hippogriff claws you. The orc hits you but does no damage.
The crimson imp blinks!
You hit the hippogriff.
The hippogriff is almost dead.
The orc hits you but does no damage.
You barely miss the orc. The orc hits you with a mace.
The orc hits you but does no damage.
Your shield prevents you from hitting the orc.
You block the orc's attack.
The hippogriff closely misses the crimson imp. x2
The hippogriff claws the crimson imp but does no damage.
The orc hits you but does no damage.
An orc warrior comes into view. It is wielding a halberd.
You closely miss the orc.
The orc is lightly wounded.
The orc warrior hits you from afar with a halberd!!
You die...
Your body crumbles into a pile of gold.

.# #+# #.
#.# # #.# $
## #.#### #
#.# #oo@.#
.##.
#o##o5H....
..# #.#
##/#.#. ##.
#o# # #.#
#.# ##. #o#
#.# ... ##.
.o. #.# ...
##.


You could see a hippogriff (confused), an orc warrior, a crimson imp and 3 orcs.

Vanquished Creatures
  Duvessa (D:4)
  A water moccasin (D:5)
  A centaur (D:5)
  Dowan (D:4)
  3 scorpions
  4 wights (D:5)
  A crimson imp (D:5)
  A gnoll shaman (D:7)
  An iguana (D:4)
  4 worker ants
  A hound skeleton (D:4)
  A worker ant zombie (D:6)
  6 gnolls
  8 adders
  An ooze (D:3)
  An adder zombie (D:5)
  A worm (D:4)
  4 dart slugs
  4 leopard geckos
  6 orcs
  3 giant cockroaches
  10 goblins
  7 hobgoblins
  4 jackals (D:7)
  9 kobolds
  4 quokkas
  2 ball pythons
  5 bats
  8 frilled lizards
  A jackal skeleton (D:3)
  A leopard gecko skeleton (D:5)
  11 rats
116 creatures vanquished.

Notes
Turn   | Place    | Note
-------+----------+-------------------------------------------
     0 | D:1      | Lochraine the Gargoyle Fighter began the quest for the Orb.
     0 | D:1      | Reached XP level 1. HP: 14/14 MP: 1/1
   139 | D:1      | Reached XP level 2. HP: 18/19 MP: 2/2
   567 | D:1      | Reached XP level 3. HP: 23/23 MP: 3/3
   846 | D:2      | Reached XP level 4. HP: 27/28 MP: 4/4
   999 | D:2      | Found an opulent altar of Gozag.
  1003 | D:2      | Found a hide-covered altar of Uskayaw.
  1003 | D:2      | Found a radiant altar of Vehumet.
  1010 | D:2      | Found a glowing silver altar of Zin.
  1010 | D:2      | Found a deep blue altar of Sif Muna.
  1081 | D:2      | Became a worshipper of Gozag Ym Sagoz the Greedy
  1369 | D:3      | Reached skill level 5 in Maces & Flails
  1369 | D:3      | Reached XP level 5. HP: 32/32 MP: 5/5
  1498 | D:3      | Found a glowing golden altar of the Shining One.
  2103 | D:4      | Reached skill level 4 in Armour
  2302 | D:4      | Reached XP level 6. HP: 30/37 MP: 6/6
  2415 | D:4      | Reached skill level 5 in Armour
  2622 | D:4      | Noticed Duvessa
  2622 | D:4      | Noticed Dowan
  2650 | D:4      | Killed Duvessa
  2650 | D:4      | Reached skill level 6 in Armour
  2657 | D:4      | Killed Dowan
  2657 | D:4      | Reached XP level 7. HP: 6/41 MP: 7/7
  3141 | D:5      | Entered Level 5 of the Dungeon
  3351 | D:5      | Reached skill level 7 in Armour
  3385 | D:5      | Reached skill level 8 in Armour
  3698 | D:5      | Found Riomerch's Serpentskin Sales.
  3721 | D:5      | Reached XP level 8. HP: 43/46 MP: 8/8
  3952 | D:5      | Reached skill level 9 in Armour
  4094 | D:5      | Got a dazzling scale mail
  4095 | D:5      | Identified the cursed +0 scale mail "Vel Waab" {rElec} (You found it on level 5 of the Dungeon)
  4273 | D:6      | Noticed Rationalist's ghost (novice MiFi)
  4853 | D:7      | Noticed a hippogriff
  4934 | D:6      | Slain by an orc warrior

Vault maps used:
D:1:      roderic_chinese_lattice_arrival, minmay_split_cup_large
D:2:      minmay_overflow_temple_star_hex, grunt_ministairs_13
D:3:      lemuel_crystal_altar
D:4:      minmay_temple_entry_from_below_b, uniq_duvessa
D:5:      first_bread, guppyfry_shop_venom
D:6:      trog_eyes_of_draining, nicolae_ru_sacrificial_ziggurat,
          fedhas_altar_decomposition, uniq_eustachio, uniq_blork_the_orc

Skill      XL: |  1  2  3  4  5  6  7  8 |
---------------+-------------------------+-----
Maces & Flails | 3 4 5 6 |  6.0
Armour         | 4 6 8 9 |  9.0
Fighting       | |  3.2
Shields        | |  3.2
Evocations     | |  0.1

Action                   |  1- 3 |  4- 6 |  7- 9 || total
-------------------------+-------+-------+-------++-------
Melee: Flail             |   154 |   102 |   143 ||   399
 Fire: Hunting sling     |       |   108 |   103 ||   211
Invok: Potion Petition   |       |       |     1 ||     1
Evoke: Wand              |       |       |     9 ||     9
  Use: Scroll            |       |     2 |     1 ||     3
       Potion            |       |     2 |     2 ||     4
 Stab: Invisible         |       |     1 |     3 ||     4
  Eat: Chunk             |       |     1 |       ||     1
       Royal jelly       |       |     1 |       ||     1
       Bread ration      |       |     1 |     1 ||     2
Armor: Scale mail        |    94 |    76 |   128 ||   298
Dodge: Dodged            |    44 |    32 |    75 ||   151
Block: Shield            |    83 |    69 |   124 ||   276
